Map: [ESL] Goldenaura

Players

MeomaikA

  • Race: Zerg Zerg
  • Spawn Location: 5:00

Jieshi - Winner!

  • Race: Protoss Protoss
  • Spawn Location: 12:00

Event: ESL SC2 Masters 2023 Winter (Regional)

VOD

Have the link to the VOD?

Description

Time

  • Played on: Oct. 27, 2023, 9:30 a.m.
  • Length: 17:31
Show
View Real Time Build Order
Export as new Build Order

MeomaikA Zerg 

Build Orders: Pool First 

Get SALT Encoding   

  12  0:00  Drone  
  13  0:12  Overlord  
  13  0:16  Drone  
  14  0:30  Drone x2  
  16  0:41  Spawning Pool  
  15  0:44  Drone  
  15  0:47  Drone  
  17  1:02  Drone  
  18  1:04  Extractor  
  18  1:06  Drone  
  18  1:23  Hatchery  
  17  1:28  Zergling x4  
  19  1:34  Queen  
  19  1:38  Drone  
  22  1:48  Overlord  
  22  2:03  Metabolic Boost  
  22  2:07  Drone  
  23  2:09  Queen  
  23  2:12  Drone  
  26  2:22  Drone  
  27  2:32  Drone  
  27  2:35  Drone  
  29  2:41  Drone x3  
  32  2:45  Overlord  
  32  2:47  Overlord  
  32  3:01  Hatchery  
  31  3:08  Lair  
  31  3:11  Drone  
  32  3:13  Drone  
  32  3:16  Extractor  
  32  3:18  Drone  
  32  3:19  Drone  
  34  3:26  Spore Crawler  
  32  3:33  Drone x2  
  33  3:35  Drone  
  33  3:39  Drone  
  35  3:42  Spore Crawler  
  35  3:45  Drone  
  35  3:48  Drone  
  35  3:49  Drone  
  35  3:53  Drone  
  37  3:57  Zergling x4  
  37  3:59  Zergling x2  
  40  4:03  Drone  
  40  4:06  Hydralisk Den  
  40  4:08  Drone  
  41  4:14  Drone  
  41  4:15  Zergling x4  
  44  4:19  Overseer  
  44  4:29  Drone x2  
  44  4:30  Drone x3  
  49  4:36  Zergling x8  
  53  4:46  Overlord x2  
  53  4:48  Muscular Augments  
  52  4:57  Overlord  
  50  5:02  Overlord  
  50  5:06  Drone x5  
  55  5:07  Hydralisk  
  55  5:09  Hydralisk  
  58  5:14  Overlord  
  58  5:16  Hydralisk  
  58  5:18  Hydralisk  
  62  5:22  Hydralisk  
  62  5:25  Hydralisk  
  62  5:28  Hydralisk  
  66  5:30  Zergling x2  
  66  5:31  Zergling x2  
  66  5:33  Zergling x2  
  66  5:34  Zergling x2  
  72  5:37  Zergling x2  
  72  5:38  Zergling x2  
  72  5:40  Hydralisk  
  76  5:43  Hydralisk  
  76  5:45  Hydralisk  
  76  5:48  Zergling x2  
  76  5:49  Zergling x2  
  72  5:50  Zergling x2  
  72  5:52  Zergling x2  
  72  5:54  Zergling x2  
  72  5:56  Zergling x2  
  73  5:57  Zergling x2  
  73  5:58  Zergling x2  
  73  6:00  Zergling x2  
  73  6:03  Zergling x2  
  71  6:05  Zergling x2  
  71  6:06  Zergling x2  
  71  6:09  Zergling x2  
  71  6:10  Zergling x2  
  71  6:12  Zergling x2  
  71  6:15  Zergling x2  
  71  6:16  Zergling x2  
  72  6:19  Grooved Spines  
  72  6:21  Hydralisk  
  72  6:24  Hydralisk  
  76  6:27  Hydralisk  
  76  6:32  Zergling x2  
  78  6:35  Zergling x4  
  78  6:36  Zergling x2  
  78  6:37  Zergling x2  
  80  6:42  Zergling x2  
  80  6:45  Zergling x2  
  80  6:47  Zergling x2  
  80  6:48  Zergling x4  
  80  6:50  Zergling x2  
  80  6:52  Hydralisk  
  81  6:56  Zergling x2  
  81  6:59  Zergling x2  
  80  7:02  Zergling x2  
  80  7:03  Zergling x4  
  80  7:05  Zergling x4  
  73  7:10  Zergling x2  
  73  7:12  Queen  
  73  7:14  Drone  
  69  7:17  Drone  
  69  7:21  Drone  
  71  7:23  Drone  
  71  7:24  Drone x2  
  71  7:25  Drone x2  
  71  7:28  Drone  
  78  7:30  Drone  
  78  7:32  Drone  
  79  7:38  Infestation Pit, Drone x2  
  79  7:41  Drone  
  81  7:45  Drone  
  82  7:54  Hatchery  
  82  7:55  Drone, Overlord  
  82  7:57  Overlord  
  82  8:06  Overlord  
  82  8:12  Extractor  
  81  8:14  Hive  
  81  8:15  Hydralisk x3  
  81  8:16  Zergling x2  
  81  8:17  Zergling x2  
  89  8:20  Drone  
  89  8:21  Drone x2  
  89  8:23  Zergling x2  
  89  8:25  Zergling x4  
  89  8:26  Zergling x2  
  96  8:30  Zergling x2  
  96  8:31  Zergling x2, Evolution Chamber  
  96  8:41  Hydralisk x4  
  96  8:43  Overlord  
  96  8:47  Drone x2  
  105  8:49  Extractor  
  105  8:50  Drone  
  105  8:55  Overlord  
  105  8:57  Zerg Melee Weapons Level 1  
  105  8:58  Overlord  
  105  9:00  Overlord  
  102  9:10  Zergling x18  
  102  9:11  Zergling x2  
  102  9:14  Zergling x2  
  113  9:18  Zergling x2  
  113  9:19  Zergling x8  
  113  9:21  Zergling x2  
  119  9:25  Viper  
  119  9:26  Viper  
  119  9:27  Zergling x4  
  119  9:29  Zergling x2  
  119  9:30  Zergling x2  
  129  9:32  Zergling x2  
  129  9:35  Zergling x4  
  129  9:37  Zergling x2  
  129  9:38  Zergling x2  
  134  9:45  Hydralisk  
  130  9:49  Drone x2  
  127  9:54  Hydralisk  
  127  9:56  Zergling x2  
  130  10:00  Overlord x2  
  130  10:02  Hatchery  
  130  10:05  Adrenal Glands  
  129  10:11  Overlord  
  129  10:12  Overlord  
  129  10:21  Zergling x14  
  136  10:29  Zergling x2, Overseer  
  136  10:30  Zergling x6, Hydralisk  
  136  10:32  Zergling x2  
  136  10:34  Zergling x2  
  144  10:36  Zergling x4  
  144  10:38  Zergling x2  
  144  10:39  Zergling x2  
  144  10:40  Zergling x2  
  148  10:45  Zergling x4  
  140  10:53  Zergling x4  
  140  10:54  Zergling x2  
  140  10:56  Zergling x4  
  140  10:57  Zergling x4  
  114  10:58  Zergling x6  
  112  11:05  Hydralisk x2  
  112  11:06  Zerg Melee Weapons Level 2  
  112  11:11  Zergling x2  
  116  11:15  Drone  
  116  11:16  Drone  
  116  11:18  Zergling x2  
  119  11:24  Zergling x2  
  119  11:25  Zergling x2  
  121  11:26  Zergling x2  
  121  11:27  Zergling x2  
  121  11:29  Zergling x2  
  121  11:30  Zergling x2, Hatchery  
  125  11:32  Zergling x2  
  125  11:33  Zergling x2  
  125  11:38  Hatchery  
  126  11:40  Drone x4  
  126  11:41  Drone  
  126  11:45  Zergling x2  
  132  11:48  Zergling x2  
  132  11:50  Zergling x6  
  136  11:54  Zergling x4  
  136  11:55  Zergling x4  
  136  11:59  Hydralisk  
  136  12:00  Ultralisk Cavern  
  139  12:02  Zergling x6  
  139  12:03  Zergling x2  
  139  12:04  Zergling x2  
  143  12:08  Zergling x2  
  143  12:13  Zergling x4  
  143  12:14  Zergling x4  
  143  12:15  Zergling x2  
  143  12:16  Zergling x6  
  143  12:20  Queen  
  143  12:21  Zergling x2  
  143  12:22  Zergling x4  
  151  12:24  Zergling x2  
  151  12:26  Zergling x4  
  151  12:27  Zergling x2  
  155  12:31  Zergling x2  
  155  12:34  Zergling x2  
  156  12:42  Zergling x6  
  158  12:44  Zergling x2  
  158  12:46  Zergling x4  
  158  12:48  Zergling x2, Spine Crawler  
  158  12:50  Zergling x4  
  154  12:54  Zergling x2  
  154  12:55  Spine Crawler  
  154  12:57  Zergling x6  
  154  12:58  Zergling x4  
  127  13:00  Zergling x4  
  127  13:01  Zergling x2  
  127  13:02  Zergling x2  
  122  13:06  Chitinous Plating  
  122  13:08  Zergling x4  
  122  13:11  Zergling x2  
  122  13:12  Zergling x6  
  115  13:13  Zergling x4  
  115  13:14  Zergling x2  
  115  13:18  Zergling x2  
  115  13:19  Zergling x2  
  115  13:24  Ultralisk  
  120  13:27  Hatchery  
  120  13:31  Drone  
  120  13:32  Drone x2  
  122  13:34  Zerg Melee Weapons Level 3  
  122  13:35  Drone  
  122  13:36  Drone  
  122  13:37  Drone  
  125  13:42  Drone  
  125  13:43  Overseer  
  125  13:48  Ultralisk  
  125  13:49  Zergling x4  
  125  13:50  Zergling x2  
  125  13:53  Zergling x4  
  125  13:54  Zergling x2  
  137  14:01  Ultralisk  
  137  14:02  Zergling x2  
  144  14:05  Zergling x4  
  144  14:06  Zergling x2  
  144  14:08  Zergling x2  
  148  14:10  Zergling x6  
  148  14:12  Zergling x2  
  148  14:13  Zergling x2  
  148  14:15  Zergling x4  
  148  14:16  Zergling x2  
  156  14:20  Zergling x2  
  144  14:24  Zergling x4  
  144  14:26  Zergling x2  
  123  14:32  Zergling x4  
  123  14:35  Zergling x6  
  123  14:37  Zergling x4  
  123  14:38  Hydralisk  
  123  14:44  Zergling x4  
  116  14:45  Zergling x2  
  116  14:48  Zergling x2  
  116  14:49  Zergling x2  
  119  14:54  Zergling x6  
  119  14:58  Zergling x2  
  106  15:00  Zergling x2  
  106  15:02  Drone x2  
  106  15:03  Drone  
  106  15:04  Drone  
  111  15:07  Drone x2  
  111  15:08  Zergling x2  
  111  15:13  Zergling x2  
  110  15:16  Zergling x2  
  110  15:17  Zergling x2  
  110  15:18  Zergling x2  
  110  15:19  Zergling x2  
  106  15:22  Zergling x2  
  106  15:27  Drone x2  
  101  15:29  Drone  
  101  15:31  Drone  
  101  15:34  Ultralisk  
  101  15:35  Zergling x4  
  111  15:39  Zergling x4  
  111  15:40  Zergling x2  
  111  15:42  Zergling x2  
  115  15:43  Zergling x2  
  115  15:48  Zergling x4  
  115  15:49  Zergling x4  
  116  15:56  Viper x2  
  122  15:57  Viper  
  122  15:59  Zergling x2  
  122  16:00  Zergling x2  
  122  16:01  Zergling x2  
  122  16:02  Zergling x2  
  122  16:04  Zergling x2  
  130  16:11  Zergling x2, Ultralisk  
  136  16:13  Zergling x2  
  136  16:14  Zergling x2  
  136  16:15  Zergling x2  
  140  16:20  Zergling x2  
  140  16:21  Zergling x6  
  144  16:31  Ultralisk  
  144  16:32  Zergling x10  
  155  16:38  Zergling x4  
  155  16:39  Zergling x4  
  147  16:43  Zergling x8  
  147  16:45  Zergling x2  
  135  16:50  Zergling x4  
  135  16:52  Zergling x2  
  133  16:57  Zergling x4  
  133  16:58  Zergling x2  
  92  17:09  Zergling x6  
Show
View Real Time Build Order
Export as new Build Order

Jieshi Protoss - Winner!

Build Orders: 1 Gate Expand 

Get SALT Encoding   

  12  0:00  Probe  
  13  0:12  Probe  
  14  0:20  Pylon  
  14  0:24  Probe  
  15  0:39  Probe (Chrono Boost)  
  15  0:40  Gateway  
  16  0:47  Probe (Chrono Boost)  
  17  0:53  Assimilator, Probe  
  18  1:05  Probe  
  19  1:16  Pylon  
  19  1:17  Probe  
  20  1:28  Nexus  
  20  1:39  Cybernetics Core  
  20  1:41  Probe  
  21  1:50  Pylon  
  22  1:56  Assimilator  
  22  1:59  Zealot (Chrono Boost)  
  23  2:07  Pylon  
  23  2:16  Pylon  
  23  2:18  Adept (Chrono Boost)  
  25  2:23  Warp Gate  
  25  2:26  Probe  
  26  2:39  Adept  
  26  2:40  Probe (Chrono Boost)  
  29  2:44  Probe (Chrono Boost)  
  31  2:53  Stargate  
  31  2:54  Probe x2 (Chrono Boost)  
  32  3:00  Probe  
  32  3:02  Probe  
  34  3:12  Probe  
  35  3:14  Probe  
  36  3:24  Probe  
  36  3:26  Probe  
  38  3:35  Twilight Council  
  38  3:36  Probe  
  38  3:38  Probe  
  38  3:40  Void Ray (Chrono Boost)  
  44  3:48  Gateway, Probe  
  44  3:50  Probe  
  46  3:57  Gateway  
  46  3:58  Gateway  
  47  4:02  Probe  
  47  4:03  Probe  
  48  4:10  Resonating Glaives (Chrono Boost)  
  48  4:18  Pylon  
  48  4:19  Adept  
  50  4:26  Nexus  
  50  4:28  Probe  
  50  4:29  Probe  
  52  4:36  Shield Battery  
  52  4:39  Pylon  
  52  4:42  Adept  
  52  4:44  Adept  
  56  4:48  Probe x2  
  58  4:57  Adept x2  
  62  5:03  Adept, Probe x2  
  62  5:05  Assimilator  
  66  5:07  Adept  
  68  5:16  Robotics Facility, Probe x2  
  70  5:25  Pylon  
  70  5:28  Pylon  
  70  5:29  Pylon  
  70  5:37  Blink (Chrono Boost)  
  70  5:38  Probe x2  
  70  5:42  Pylon  
  70  5:52  Adept x2  
  70  5:53  Probe, Adept  
  70  5:54  Probe  
  78  6:01  Probe  
  73  6:06  Probe  
  70  6:13  Probe  
  70  6:14  Probe  
  70  6:16  Gateway  
  70  6:18  Gateway, Immortal (Chrono Boost), Probe  
  67  6:20  Forge  
  67  6:22  Sentry, Robotics Bay  
  67  6:25  Adept  
  75  6:26  Probe  
  75  6:28  Probe  
  75  6:30  Probe  
  75  6:31  Adept x2  
  82  6:35  Shield Battery  
  82  6:45  Adept  
  82  6:46  Adept  
  86  6:52  Adept x2  
  77  7:06  Probe x3  
  77  7:08  Colossus (Chrono Boost), Adept x2  
  69  7:12  Adept  
  69  7:13  Adept  
  69  7:18  Probe x2  
  69  7:19  Probe  
  72  7:23  Adept  
  72  7:24  Adept  
  72  7:29  Assimilator, Adept x2  
  80  7:30  Probe (Chrono Boost)  
  80  7:31  Probe x2 (Chrono Boost)  
  83  7:37  Adept x2  
  83  7:41  Protoss Ground Weapons Level 1 (Chrono Boost), Probe (Chrono Boost)  
  83  7:42  Probe x2 (Chrono Boost)  
  90  7:47  Probe x2 (Chrono Boost)  
  90  7:48  Probe (Chrono Boost)  
  90  7:50  Assimilator  
  93  7:54  Assimilator  
  93  7:58  Probe  
  93  8:03  Photon Cannon  
  93  8:04  Pylon  
  94  8:05  Colossus (Chrono Boost)  
  94  8:06  Probe  
  94  8:07  Probe  
  94  8:11  Gateway, Probe  
  103  8:17  Extended Thermal Lance (Chrono Boost)  
  103  8:22  Gateway  
  103  8:25  Photon Cannon, Shield Battery  
  103  8:30  Stalker x2  
  103  8:31  Stalker  
  103  8:33  Probe x3  
  112  8:44  Stalker  
  112  8:45  Stalker x2  
  115  8:51  Pylon  
  115  8:52  Colossus (Chrono Boost)  
  115  9:00  Stalker x2  
  115  9:02  Pylon  
  124  9:06  Pylon  
  124  9:12  Stalker  
  124  9:13  Stalker x2  
  130  9:17  Pylon  
  130  9:23  Nexus  
  130  9:39  Observer (Chrono Boost)  
  131  9:47  Sentry, Stalker  
  131  9:48  Stalker x6  
  129  9:54  Probe  
  129  9:55  Probe x2  
  132  10:00  Photon Cannon, Shield Battery  
  132  10:05  Protoss Ground Weapons Level 2 (Chrono Boost), Pylon  
  132  10:07  Disruptor (Chrono Boost), Probe  
  136  10:11  Stalker  
  139  10:16  Stalker  
  139  10:17  Stalker  
  143  10:22  Stalker  
  143  10:24  Stalker  
  143  10:28  Pylon  
  147  10:35  Stalker x2  
  151  10:43  Charge (Chrono Boost)  
  106  11:06  Stalker x3  
  106  11:07  Stalker x5  
  106  11:09  Templar Archives  
  123  11:12  Observer (Chrono Boost)  
  123  11:13  Probe  
  123  11:15  Assimilator  
  123  11:17  Assimilator  
  124  11:21  Gateway  
  124  11:23  Gateway  
  124  11:24  Disruptor (Chrono Boost)  
  124  11:25  Probe  
  125  11:32  Stalker x2  
  131  11:33  Zealot x2, Stalker x2  
  131  11:34  Zealot x2  
  131  11:38  Gateway  
  145  11:41  Probe x2  
  145  11:42  Psionic Storm, Probe x2  
  149  11:54  Probe  
  149  11:58  High Templar x2  
  149  12:00  Zealot x4  
  149  12:01  Zealot x2  
  165  12:10  Colossus (Chrono Boost)  
  171  12:18  Zealot x2  
  171  12:20  Photon Cannon  
  171  12:21  High Templar x2, Shield Battery  
  179  12:31  Zealot  
  179  12:32  Zealot x3  
  185  12:42  Zealot x2  
  185  12:43  Zealot  
  147  13:02  High Templar x3, Zealot x3  
  147  13:03  Zealot x4, Colossus (Chrono Boost)  
  139  13:19  High Templar  
  131  13:24  High Templar  
  131  13:25  High Templar, Photon Cannon, Stalker  
  131  13:26  Zealot x4  
  131  13:27  Shield Battery  
  145  13:35  High Templar, Stalker x2  
  145  13:40  Nexus  
  151  13:42  Pylon  
  151  13:45  Pylon  
  151  13:47  Zealot x4  
  159  13:49  Zealot  
  159  13:50  Observer  
  162  13:57  High Templar x2  
  162  14:00  Zealot x3  
  162  14:02  Archon  
  172  14:05  Photon Cannon  
  172  14:06  Shield Battery  
  172  14:11  Zealot x2, Warp Prism  
  169  14:17  Zealot x2  
  169  14:18  Zealot x4  
  169  14:20  Probe  
  174  14:27  Zealot  
  174  14:28  Zealot  
  168  14:32  Pylon, Probe  
  168  14:35  Pylon  
  161  14:40  High Templar x6  
  161  14:41  High Templar  
  161  14:43  Colossus (Chrono Boost)  
  161  14:44  Probe  
  160  14:56  Probe  
  136  15:02  High Templar, Archon x2  
  136  15:03  High Templar, Zealot  
  134  15:08  Probe  
  134  15:11  Zealot  
  137  15:20  Probe  
  132  15:23  Stalker  
  132  15:24  Stalker  
  132  15:27  Probe  
  132  15:28  Immortal (Chrono Boost), Probe x2  
  139  15:32  Probe  
  139  15:34  High Templar x2  
  148  15:36  Zealot  
  148  15:37  Zealot x6  
  148  15:39  Archon, Probe  
  148  15:40  Archon  
  161  15:53  Forge  
  161  15:54  Forge  
  159  15:57  Immortal (Chrono Boost)  
  159  15:58  High Templar  
  159  15:59  High Templar x3  
  159  16:02  Probe (Chrono Boost)  
  159  16:03  Archon  
  170  16:04  Archon  
  170  16:09  Probe (Chrono Boost), Stalker x3  
  170  16:10  Zealot x4  
  186  16:12  Probe (Chrono Boost)  
  186  16:17  Shield Battery, Probe (Chrono Boost)  
  188  16:19  Probe (Chrono Boost)  
  188  16:20  Assimilator  
  188  16:24  Assimilator  
  188  16:30  Zealot x2  
  188  16:31  Zealot x4  
  172  16:49  Zealot x5  
  172  16:51  Immortal  
  184  16:57  Zealot x5  
  184  16:58  Zealot  
  130  17:15  Zealot  
  130  17:16  Zealot x4  
  130  17:19  Zealot x3  
  130  17:20  Zealot x2  
Tags
 
Add a new tag
Caveats
  • Supply blocks, unpowered buildings, or Contaminate may cause inaccurate times.
  • Supply counts are checked every 10 seconds.